 Dungeon Crawl Stone Soup version 0.24.0-37-gcf1ca852f1 (webtiles) character file.

Game seed: 4123804464660541252, levelgen mode: deterministic

20784 FishyPogo the Thaumaturge (level 12, -8/94 HPs)
             Began as a Gnoll Skald on Dec 8, 2019.
             Was the Champion of Makhleb.
             Mangled by a skeletal warrior
             ... wielding a +0 war axe
             ... led by a skeletal warrior
              (16 damage)
             ... on level 11 of the Dungeon.
             The game lasted 01:27:19 (11014 turns).

FishyPogo the Thaumaturge (Gnoll Skald)            Turns: 11014, Time: 01:27:20

Health: -8/94      AC: 11    Str: 21    XL:     12   Next: 83%
Magic:  2/27       EV: 18    Int: 15    God:    Makhleb [******]
Gold:   751        SH:  0    Dex: 17    Spells: 12/29 levels left

rFire    + + +     SeeInvis .   U - +4 quarterstaff (speed)
rCold    x . .     Gourm    +   (shield currently unavailable)
rNeg     . . .     Faith    .   X - +2 leather armour {rF+}
rPois    .         Spirit   .   (no helmet)
rElec    .         Reflect  .   y - +0 cloak
rCorr    .         Harm     .   j - +1 pair of gloves
MR       .....                  S - +0 pair of boots
Stlth    ++++......             Q - amulet of the gourmand
HPRegen  1.25/turn              h - ring of fire
MPRegen  0.20/turn              T - +4 ring of strength

@: very slightly contaminated, regenerating (expiring)
A: distributed training, fangs 1, fire resistance 1, high mp 1, MP-powered
wands, strong nose
a: Minor Destruction, Lesser Servant of Makhleb, Major Destruction, Greater
Servant of Makhleb, Renounce Religion


You were on level 11 of the Dungeon.
You worshipped Makhleb.
Makhleb was exalted by your worship.
You were completely stuffed.

You visited 1 branch of the dungeon, and saw 11 of its levels.
You also visited: Ossuary.

You collected 751 gold pieces.

Inventory:

Hand Weapons
 b - a +4 hunting sling
 U - a +4 quarterstaff of speed (weapon)
Missiles
 e - 313 stones
 k - 120 sling bullets
 w - 19 poisoned darts (quivered)
 C - 2 javelins
 N - 10 boomerangs
 R - 2 throwing nets
 Z - 3 datura-tipped darts
Armour
 a - +0 fire dragon scales
 j - a +1 pair of gloves (worn)
 o - a cursed +0 robe
 s - the +4 ring mail of the Vaults {Stlth+}
   (You found it on level 4 of the Dungeon)

   It makes you more stealthy.
 y - a +0 cloak (worn)
 K - a +2 robe of positive energy
 S - a +0 pair of boots (worn)
 V - the +8 chain mail "Fovaadoil" {MR+ Int+2 Dex+4}
   (You took it off a meliai on level 8 of the Dungeon)

   It affects your intelligence (+2).
   It affects your dexterity (+4).
   It affects your resistance to hostile enchantments.
 X - a +2 leather armour of fire resistance (worn)
Magical Staves
 Y - an uncursed staff of energy
Jewellery
 h - a ring of fire (left hand)
 t - a cursed amulet of inaccuracy {unknown}
 v - a +1 ring of evasion
 Q - an amulet of the gourmand (around neck)
 T - a +4 ring of strength (right hand)
Wands
 B - a wand of acid (11)
 H - a wand of paralysis (13)
 J - a wand of iceblast (8)
 L - a wand of polymorph (5)
 M - a wand of random effects (13)
Scrolls
 i - 11 scrolls of identify
 l - 7 scrolls of teleportation
 m - a scroll of enchant armour
 u - 4 scrolls of enchant weapon
 G - 2 scrolls of remove curse
 O - 2 scrolls of amnesia
Potions
 c - 3 potions of brilliance {unknown}
 f - a potion of magic {unknown}
 g - 3 potions of curing
 n - 2 potions of haste {unknown}
 p - a potion of cancellation {unknown}
 q - 5 potions of invisibility {unknown}
 r - a potion of berserk rage {unknown}
 D - a potion of degeneration {unknown}
 E - 4 potions of lignification
 P - a potion of might
 W - a potion of mutation
Comestibles
 d - 21 rations


   Skills:
 + Level 8.9 Fighting
 + Level 7.5 Short Blades
 + Level 7.5 Long Blades
 + Level 7.5 Axes
 + Level 8.9 Maces & Flails
 + Level 7.5 Polearms
 + Level 7.5 Staves
 + Level 7.5 Slings
 + Level 7.5 Bows
 + Level 7.5 Crossbows
 + Level 7.5 Throwing
 + Level 8.0 Armour
 + Level 8.9 Dodging
 + Level 7.5 Stealth
 + Level 7.5 Shields
 + Level 7.5 Unarmed Combat
 + Level 9.1 Spellcasting
 + Level 6.2 Conjurations
 + Level 6.2 Hexes
 + Level 8.4 Charms
 + Level 6.2 Summonings
 + Level 6.2 Necromancy
 + Level 6.2 Translocations
 + Level 6.2 Transmutations
 + Level 6.2 Fire Magic
 + Level 6.2 Ice Magic
 + Level 6.2 Air Magic
 + Level 6.2 Earth Magic
 + Level 6.2 Poison Magic
 + Level 8.2 Invocations
 + Level 7.5 Evocations


You had 12 spell levels left.
You knew the following spells:

 Your Spells              Type           Power        Failure   Level  Hunger
c - Mephitic Cloud        Conj/Pois/Air  ####....     2%          3    #......
h - Regeneration          Chrm/Necr      ####......   1%          3    #......
j - Conjure Flame         Conj/Fire      #####...     2%          3    #......
n - Spectral Weapon       Hex/Chrm       ####....     1%          3    #......
p - Shroud of Golubria    Chrm/Tloc      ####..       1%          2    None
u - Song of Slaying       Chrm           ####....     1%          2    None
y - Infusion              Chrm           ####         1%          1    None

Your spell library contained the following spells:

 Spells                   Type           Power        Failure   Level  Hunger
 Magic Dart               Conj           ####         1%          1    None
 Blink                    Tloc           N/A          1%          2    None
 Call Imp                 Summ           ####....     1%          2    None
 Searing Ray              Conj           ####..       1%          2    None
 Slow                     Hex            ####....     1%          2    None
 Dazzling Spray           Conj/Hex       ####..       2%          3    #......
 Force Lance              Conj/Tloc      ####....     9%          4    ###....
 Fulminant Prism          Conj/Hex       ####......   9%          4    ###....
 Iskenderun's Mystic Bla  Conj           ####....     9%          4    ###....


Dungeon Overview and Level Annotations

Branches:
Dungeon (11/15)            Temple (0/1) D:7            Lair (0/6) D:8
    Orc (0/2) D:11        Ossuary (visited)

Altars:
Cheibriados
Elyvilon
Kikubaaqudgha
Makhleb
Qazlal
Ru
Vehumet
Zin
The Shining One


Innate Abilities, Weirdness & Mutations

Your experience applies equally to all skills.
You have very sharp teeth.
Your uncanny sense of smell can sniff out nearby items.
Your flesh is heat resistant. (rF+)
You have an increased reservoir of magic. (+10% MP)
You expend magic power (3 MP) to strengthen your wands.


Message History

* * * LOW HITPOINT WARNING * * *
Your shroud falls apart!
* * * LOW HITPOINT WARNING * * *
Casting: Spectral Weapon (safe; 1% risk of failure)
Confirm with . or Enter, or press ? or * to list all spells.
Space distorts slightly along a thin shroud covering your body.
The skeletal warrior hits your spectral weapon with a +0 war axe!
Your spectral weapon shares its damage with you!
Your spectral weapon fades away.
The skeletal warrior hits you but does no damage.
* * * LOW HITPOINT WARNING * * *
You catch the helpless skeletal warrior completely off-guard!
You hit the skeletal warrior but do no damage.
Your bite misses the skeletal warrior.
The skeletal warrior is heavily damaged.
You hit the skeletal warrior but do no damage.
The skeletal warrior is heavily damaged.
Your skin is crawling a little less now.
The skeletal warrior hits you with a +0 war axe!
You die...

..#.# #..# #.# 8...#
#..# #.# ..###
#######..### #.# '##
#........).# #.#
##### .#
#.#####..#.# #.#
##.... ## #.# #..#.#
#.# #..... # #.#
#..#.# #<#####z...#
#.#
##.#.###....z.....#
#.#
#@z#....#####...##
#.# #.#.###.# ##...#
#.# #.#.# #.# #...##
#.######.#.# #.#
#...#
#########..........#
#.# #..##
........)#######.###
#.# #z.## .#######.#
#.# #.# #...# .....#
#[#######.# #.#
#...## .###.#
#.........# #.#
##...#


You could see a skeletal warrior.

Vanquished Creatures
  A fire dragon (D:11)
  Erolcha (D:9)
  A centaur warrior (D:8)
  3 death yaks (D:8)
  2 two-headed ogres
  Nergalle (D:11)
  2 skeletal warriors (D:11)
  An unseen horror (D:11)
  Pikel (D:9)
  An ugly thing (D:11)
  Psyche (D:11)
  A komodo dragon (D:8)
  A troll (D:11)
  A meliai (D:8)
  2 hornets (D:8)
  2 hippogriffs
  2 meliai zombies (D:11)
  13 yaks
  A wraith (D:8)
  3 wyverns (D:8)
  A human (D:7)
  A fire elemental (D:11)
  4 hogs (D:7)
  A hungry ghost (D:8)
  Grum (D:9)
  A water moccasin (D:9)
  Duvessa (D:7)
  A hornet zombie (D:9)
  7 orc warriors
  4 black bears
  A necrophage (D:8)
  2 phantoms
  2 wolves (D:9)
  6 centaurs
  5 ice beasts
  4 slaves
  6 ogres
  14 bullfrogs
  A wyvern zombie (D:10)
  A gnoll sergeant (D:11)
  Dowan (D:7)
  A water moccasin zombie (D:8)
  2 wyvern skeletons (D:11)
  6 scorpions
  A wight (D:8)
  10 killer bees
  7 howler monkeys
  2 lava snakes (D:11)
  6 crimson imps
  A bullfrog zombie (D:2)
  A centaur zombie (D:6)
  2 quasits
  A jelly (D:8)
  13 orc wizards
  6 hounds
  4 orc priests
  A gnoll shaman (D:7)
  A centaur skeleton (D:10)
  3 bullfrog skeletons
  3 iguanas
  10 worker ants
  3 big kobold zombies (Ossuary)
  2 hound skeletons
  A mummy (Ossuary)
  A howler monkey zombie (D:5)
  2 worker ant zombies
  27 gnolls
  16 adders
  5 shadow imps
  3 oozes
  An adder skeleton (D:5)
  5 worms
  2 dart slugs (D:4)
  6 leopard geckos
  67 orcs
  2 spectral bats (Ossuary)
  5 bats
  8 giant cockroaches
  18 goblins
  7 hobgoblins
  5 jackals
  7 kobolds
  8 quokkas
  5 bat simulacra (Ossuary)
  5 frilled lizards
  9 gnoll zombies (Ossuary)
  2 goblin simulacra (Ossuary)
  2 goblin zombies (Ossuary)
  7 hobgoblin zombies (Ossuary)
  A jackal skeleton (D:4)
  A jackal zombie (D:8)
  7 kobold simulacra (Ossuary)
  5 kobold zombies (Ossuary)
  2 leopard gecko skeletons
  4 orc zombies (Ossuary)
  6 rats
  4 rat simulacra (Ossuary)
  A spectral goblin (Ossuary)
  2 spectral kobolds (Ossuary)
  6 spectral rats (Ossuary)
  2 spectral weapons
459 creatures vanquished.

Vanquished Creatures (collateral kills)
  An orc (D:5)
1 creature vanquished.

Vanquished Creatures (others)
  A centaur (D:11)
  17 spectral weapons
18 creatures vanquished.

Grand Total: 478 creatures vanquished

Notes
Turn   | Place    | Note
-------+----------+-------------------------------------------
     0 | D:1      | FishyPogo the Gnoll Skald began the quest for the Orb.
     0 | D:1      | Reached XP level 1. HP: 20/20 MP: 6/6
    42 | D:1      | Reached XP level 2. HP: 6/26 MP: 7/7
    49 | D:1      | Learned a level 2 spell: Song of Slaying
    52 | D:1      | Learned a level 2 spell: Shroud of Golubria
   443 | D:1      | Reached XP level 3. HP: 23/31 MP: 0/9
   503 | D:1      | Learned a level 3 spell: Regeneration
   507 | D:1      | Learned a level 3 spell: Spectral Weapon
   519 | D:1      | Reached skill level 5 in Spellcasting
   692 | D:1      | Found a glowing golden altar of the Shining One.
   877 | D:2      | Reached skill level 1 in Invocations
   913 | D:2      | Reached skill level 1 in Short Blades
   913 | D:2      | Reached skill level 1 in Long Blades
   913 | D:2      | Reached skill level 1 in Axes
   913 | D:2      | Reached skill level 1 in Polearms
   913 | D:2      | Reached skill level 1 in Staves
   913 | D:2      | Reached skill level 1 in Slings
   913 | D:2      | Reached skill level 1 in Bows
   913 | D:2      | Reached skill level 1 in Crossbows
   913 | D:2      | Reached skill level 1 in Throwing
   913 | D:2      | Reached skill level 1 in Stealth
   913 | D:2      | Reached skill level 1 in Shields
   913 | D:2      | Reached skill level 1 in Unarmed Combat
   913 | D:2      | Reached skill level 1 in Evocations
   937 | D:2      | Reached XP level 4. HP: 31/38 MP: 0/11
  1427 | D:2      | Reached skill level 1 in Conjurations
  1427 | D:2      | Reached skill level 1 in Hexes
  1427 | D:2      | Reached skill level 1 in Summonings
  1427 | D:2      | Reached skill level 1 in Necromancy
  1427 | D:2      | Reached skill level 1 in Translocations
  1427 | D:2      | Reached skill level 1 in Transmutations
  1427 | D:2      | Reached skill level 1 in Fire Magic
  1427 | D:2      | Reached skill level 1 in Ice Magic
  1427 | D:2      | Reached skill level 1 in Air Magic
  1427 | D:2      | Reached skill level 1 in Earth Magic
  1427 | D:2      | Reached skill level 1 in Poison Magic
  1488 | D:2      | Reached XP level 5. HP: 26/43 MP: 2/12
  1607 | D:2      | Found a white marble altar of Elyvilon.
  1974 | D:3      | Reached XP level 6. HP: 24/50 MP: 2/13
  2090 | D:3      | Learned a level 3 spell: Conjure Flame
  2439 | D:4      | Reached skill level 5 in Fighting
  2439 | D:4      | Reached skill level 5 in Maces & Flails
  2439 | D:4      | Reached skill level 5 in Dodging
  2511 | D:4      | Reached XP level 7. HP: 56/56 MP: 7/15
  2726 | D:4      | Got a heavily runed ring mail
  2736 | D:4      | Identified the +4 ring mail of the Vaults {Stlth+} (You
                  | found it on level 4 of the Dungeon)
  3215 | D:5      | Entered Level 5 of the Dungeon
  3399 | D:5      | Found a burning altar of Makhleb.
  3400 | D:5      | Found a radiant altar of Vehumet.
  3418 | D:5      | Reached XP level 8. HP: 62/63 MP: 16/16
  3426 | D:5      | Became a worshipper of Makhleb the Destroyer
  3448 | D:5      | Learned a level 3 spell: Mephitic Cloud
  3655 | D:5      | HP: 3/63 [ogre/+0 giant club (19)]
  3726 | D:5      | Reached skill level 6 in Spellcasting
  4072 | D:6      | Reached * piety under Makhleb
  4356 | D:6      | Found a glowing silver altar of Zin.
  4356 | D:6      | Noticed an angel
  4450 | D:6      | Found a sand-covered staircase.
  4467 | Ossuary  | Entered an ossuary
  4517 | Ossuary  | Reached ** piety under Makhleb
  4865 | Ossuary  | Reached *** piety under Makhleb
  4935 | D:6      | Reached XP level 9. HP: 69/69 MP: 18/18
  4990 | D:6      | Found a sacrificial altar of Ru.
  5659 | D:7      | Noticed Dowan
  5706 | D:7      | Noticed Duvessa
  5738 | D:7      | Killed Duvessa
  5752 | D:7      | Killed Dowan
  5829 | D:7      | Reached skill level 5 in Armour
  5867 | D:7      | Found a staircase to the Ecumenical Temple.
  5937 | D:7      | Found an ancient bone altar of Kikubaaqudgha.
  6386 | D:7      | Reached skill level 5 in Invocations
  6391 | D:7      | Reached **** piety under Makhleb
  6407 | D:7      | Reached skill level 7 in Spellcasting
  6407 | D:7      | Reached XP level 10. HP: 77/77 MP: 20/20
  6552 | D:8      | Reached skill level 5 in Short Blades
  6552 | D:8      | Reached skill level 5 in Long Blades
  6552 | D:8      | Reached skill level 5 in Axes
  6552 | D:8      | Reached skill level 5 in Polearms
  6552 | D:8      | Reached skill level 5 in Staves
  6552 | D:8      | Reached skill level 5 in Slings
  6552 | D:8      | Reached skill level 5 in Bows
  6552 | D:8      | Reached skill level 5 in Crossbows
  6552 | D:8      | Reached skill level 5 in Throwing
  6552 | D:8      | Reached skill level 5 in Stealth
  6552 | D:8      | Reached skill level 5 in Shields
  6552 | D:8      | Reached skill level 5 in Unarmed Combat
  6552 | D:8      | Reached skill level 5 in Evocations
  6787 | D:8      | Noticed a death yak
  6797 | D:8      | Noticed a death yak
  6919 | D:8      | Found a snail-covered altar of Cheibriados.
  6988 | D:8      | Noticed a death yak
  7034 | D:8      | Killed a death yak
  7043 | D:8      | Found a staircase to the Lair.
  7144 | D:8      | Killed a death yak
  7144 | D:8      | Reached XP level 11. HP: 84/84 MP: 4/22
  7167 | D:8      | Killed a death yak
  7387 | D:8      | Found a runed translucent door.
  7387 | D:8      | Found a runed translucent door.
  7529 | D:8      | Reached ***** piety under Makhleb
  7600 | D:8      | Reached skill level 5 in Conjurations
  7600 | D:8      | Reached skill level 5 in Hexes
  7600 | D:8      | Reached skill level 5 in Summonings
  7600 | D:8      | Reached skill level 5 in Necromancy
  7600 | D:8      | Reached skill level 5 in Translocations
  7600 | D:8      | Reached skill level 5 in Transmutations
  7600 | D:8      | Reached skill level 5 in Fire Magic
  7600 | D:8      | Reached skill level 5 in Ice Magic
  7600 | D:8      | Reached skill level 5 in Air Magic
  7600 | D:8      | Reached skill level 5 in Earth Magic
  7600 | D:8      | Reached skill level 5 in Poison Magic
  7641 | D:8      | Noticed a centaur warrior
  7649 | D:8      | Identified the +8 chain mail "Fovaadoil" {MR+ Int+2 Dex+4}
  7670 | D:8      | Gained mutation: You occasionally shout uncontrollably at
                  | your foes. [potion of mutation]
  7670 | D:8      | Gained mutation: Your natural rate of healing is unusually
                  | fast. [potion of mutation]
  7671 | D:8      | Lost mutation: You occasionally shout uncontrollably at
                  | your foes. [potion of mutation]
  7671 | D:8      | Lost mutation: Your natural rate of healing is unusually
                  | fast. [potion of mutation]
  7671 | D:8      | Gained mutation: You are somewhat resistant to further
                  | mutation. [potion of mutation]
  7671 | D:8      | Gained mutation: You are clumsy. (Dex -2) [potion of
                  | mutation]
  7671 | D:8      | Lost mutation: You are clumsy. (Dex -2) [potion of
                  | mutation]
  7672 | D:8      | Lost mutation: You are somewhat resistant to further
                  | mutation. [potion of mutation]
  7672 | D:8      | Gained mutation: You have an increased reservoir of magic.
                  | (+10% MP) [potion of mutation]
  7672 | D:8      | Gained mutation: You expend magic power (3 MP) to
                  | strengthen your wands. [potion of mutation]
  7672 | D:8      | Gained mutation: Your flesh is heat resistant. (rF+)
                  | [potion of mutation]
  7792 | D:8      | Killed a centaur warrior
  7792 | D:8      | Reached skill level 8 in Spellcasting
  8406 | D:9      | Noticed Pikel
  8438 | D:9      | Noticed Erolcha
  8439 | D:9      | Noticed a two-headed ogre
  8449 | D:9      | Killed Erolcha
  8458 | D:9      | Killed a two-headed ogre
  8617 | D:9      | Killed Pikel
  8947 | D:9      | Noticed Grum
  8967 | D:9      | Killed Grum
  9086 | D:9      | Found a glowing golden altar of the Shining One.
  9095 | D:9      | Found a stormy altar of Qazlal.
  9176 | D:10     | Entered Level 10 of the Dungeon
  9240 | D:11     | Reached XP level 12. HP: 80/93 MP: 17/26
  9346 | D:11     | Found the +3 giant club "Skullcrusher" {speed, Str+7}
  9378 | D:11     | Noticed a fire dragon
  9508 | D:11     | Noticed a two-headed ogre
  9519 | D:11     | Killed a two-headed ogre
  9827 | D:10     | Reached ****** piety under Makhleb
 10064 | D:11     | Found a staircase to the Orcish Mines.
 10332 | D:11     | Noticed a five-headed hydra
 10505 | D:11     | Killed a fire dragon
 10691 | D:11     | Noticed Nergalle
 10708 | D:11     | Noticed Psyche
 10712 | D:11     | Killed Nergalle
 10712 | D:11     | Reached skill level 9 in Spellcasting
 10719 | D:11     | Killed Psyche
 11014 | D:11     | Mangled by a skeletal warrior

Levels and vault maps discovered:
D:1:      dpeg_arrival_connections, layout_rooms, serial_glass, glass_columns_b,
          glass_columns_b, tso_altar
D:2:      layout_basic, elyvilon_altar_4
D:3:      layout_rooms
D:4:      layout_loops_cross, first_ration, grunt_ministairs_13
D:5:      layout_cave_pools, grunt_temple_overflow_lords_of_destruction
D:6:      hangedman_cross_stitches, layout_basic, zin_angel,
          nicolae_ru_great_annihilating_truth, nicolae_ossuary_entry_plus,
          dk_noncrumbling_2
D:7:      layout_basic, temple_doors_e, basic_altar, grunt_livestock,
          uniq_duvessa
D:8:      minmay_the_grid_triangle_9x9_rhombus_full
          [minmay_the_grid_triangle_9x9_dagger,
          minmay_the_grid_triangle_9x9_tough_junction,
          minmay_the_grid_triangle_9x9_negative_grid,
          minmay_the_grid_triangle_9x9_from_above,
          minmay_the_grid_triangle_9x9_pentomino_pain,
          minmay_the_grid_triangle_9x9_stretched_checkered,
          minmay_the_grid_triangle_9x9_limited_checkers,
          minmay_the_grid_triangle_9x9_prize_schism], layout_rooms,
          cheibrodos_worm_habitat, dpeg_lair_monsters
D:9:      layout_small_grid, grunt_temple_overflow_open, uniq_pikel,
          uniq_erolcha, uniq_grum
D:10:     layout_rooms
D:11:     dragon1_lemuel, layout_loops_ring, hiddenorc2_lemuel,
          nicolae_two_hexagons, uniq_nergalle, uniq_psyche

Skill      XL: |  1  2  3  4  5  6  7  8  9 10 11 12 |
---------------+-------------------------------------+-----
Spellcasting   | 5 6 7 8 9 |  9.1
Invocations    | 1 2 3 4 5 6 7 8 |  8.2
Short Blades   | 1 2 3 4 5 6 7 |  7.5
Long Blades    | 1 2 3 4 5 6 7 |  7.5
Axes           | 1 2 3 4 5 6 7 |  7.5
Polearms       | 1 2 3 4 5 6 7 |  7.5
Staves         | 1 2 3 4 5 6 7 |  7.5
Slings         | 1 2 3 4 5 6 7 |  7.5
Bows           | 1 2 3 4 5 6 7 |  7.5
Crossbows      | 1 2 3 4 5 6 7 |  7.5
Throwing       | 1 2 3 4 5 6 7 |  7.5
Stealth        | 1 2 3 4 5 6 7 |  7.5
Shields        | 1 2 3 4 5 6 7 |  7.5
Unarmed Combat | 1 2 3 4 5 6 7 |  7.5
Evocations     | 1 2 3 4 5 6 7 |  7.5
Conjurations   | 1 2 3 4 5 6 |  6.2
Hexes          | 1 2 3 4 5 6 |  6.2
Summonings     | 1 2 3 4 5 6 |  6.2
Necromancy     | 1 2 3 4 5 6 |  6.2
Translocations | 1 2 3 4 5 6 |  6.2
Transmutations | 1 2 3 4 5 6 |  6.2
Fire Magic     | 1 2 3 4 5 6 |  6.2
Ice Magic      | 1 2 3 4 5 6 |  6.2
Air Magic      | 1 2 3 4 5 6 |  6.2
Earth Magic    | 1 2 3 4 5 6 |  6.2
Poison Magic   | 1 2 3 4 5 6 |  6.2
Armour         | 3 4 5 6 7 8 |  8.0
Fighting       | 5 6 7 8 |  8.9
Maces & Flails | 5 6 7 8 |  8.9
Dodging        | 5 6 7 8 |  8.9
Charms         | 6 7 8 |  8.4

Action                   |  1- 3 |  4- 6 |  7- 9 | 10-12 || total
-------------------------+-------+-------+-------+-------++-------
Melee: Mace              |    94 |    59 |       |       ||   153
       Bite              |     5 |    16 |    68 |   147 ||   236
       Dagger            |       |   144 |   543 |   345 ||  1032
       Punch             |       |     3 |     7 |     7 ||    17
       Spear             |       |       |       |    23 ||    23
       Quarterstaff      |       |       |       |   423 ||   423
 Fire: Hunting sling     |       |       |    35 |       ||    35
Throw: Dart              |       |     3 |     5 |     4 ||    12
       Stone             |       |       |     2 |       ||     2
       Boomerang         |       |       |       |    10 ||    10
 Cast: Infusion          |     5 |     8 |    12 |     9 ||    34
       Song of Slaying   |     3 |     6 |    10 |    19 ||    38
       Regeneration      |     2 |     5 |    10 |    14 ||    31
       Shroud of Golubri |     1 |    12 |    29 |    27 ||    69
       Spectral Weapon   |       |       |    29 |    69 ||    98
       Mephitic Cloud    |       |       |     2 |    12 ||    14
       Conjure Flame     |       |       |     1 |     3 ||     4
Invok: Minor Destruction |       |       |     4 |     6 ||    10
       Major Destruction |       |       |       |     1 ||     1
  Use: Scroll            |       |       |     8 |     6 ||    14
       Potion            |       |       |       |    11 ||    11
 Stab: Sleeping          |     1 |     1 |    15 |     3 ||    20
       Distracted        |       |       |     8 |     8 ||    16
       Confused          |       |       |     1 |     3 ||     4
       Paralysed         |       |       |     1 |       ||     1
  Eat: Chunk             |     1 |     6 |    17 |    47 ||    71
Armor: Leather armour    |    24 |    34 |     5 |    16 ||    79
       Ring mail         |       |       |   148 |    93 ||   241
       Chain mail        |       |       |       |   122 ||   122
       Skin              |       |       |       |    80 ||    80
Dodge: Dodged            |    61 |   130 |   278 |   512 ||   981
